AoeStats
← EonNFluttershy

Arabian Desert

509007223Analyzed
1v1 RM · 8d ago on Sep 25, 2026· 46m 12s· 2 players
Game mode
Random Map
Map size
Tiny (2 player)
Population
200
Speed
Normal
Resources
Standard
Victory
Conquest
Starting age
Dark Age
Ending age
Imperial Age
RankedLock teamsTeams togetherTeam positionsShared explorationLock speedFull tech treeHidden civsTurbo modeCheats
Victory
Defeat
🇪🇬 Cumans · Egypt
1268
+17
🇲🇾 Saxons · Malaysia
1294
-17
Imeqra
10:01 Feudal Age
10:43 Double-Bit Axe
12:18 Bloodlines
17:56 Wheelbarrow
19:06 Loom
19:36 Horse Collar
23:45 Castle Age
22:25 Scale Barding Armor
23:27 Forging
25:00 Chain Barding Armor
26:32 Bow Saw
28:27 Gold Mining
29:27 Hand Cart
28:58 Town Watch
34:09 Iron Casting
34:10 Fletching
36:22 Bodkin Arrow
36:27 Padded Archer Armor
37:37 Stone Mining
39:04 Gold Shaft Mining
39:07 Heavy Plow
40:21 Thumb Ring
41:16 Ballistics
42:49 Capped Ram
45:13 Steppe Husbandry
46:24 Leather Archer Armor
49:00 Imperial Age
EonNFluttershy
3:24 Loom
10:35 Feudal Age
12:50 Double-Bit Axe
14:06 Man-at-Arms
17:18 Man-at-Arms
19:27 Horse Collar
25:12 Castle Age
23:17 Scale Mail Armor
23:49 Gold Mining
26:22 Chain Mail Armor
26:19 Pikeman
Connection lost

Rejoining the realm…

Still unreachable

The connection could not be restored.

Session expired

The server has moved on; the page needs a fresh start.